 Dungeon Crawl Stone Soup version 0.28.0-53-g5a82cb258f (webtiles) character file.

Game seed: 16009698941239880047

59 KanedaJD the Skirmisher (level 4, -2/36 HPs)
             Began as a Human Fighter on July 1, 2022.
             Was a Follower of Makhleb.
             Succumbed to a scorpion's poison
             ... on level 3 of the Dungeon.
             The game lasted 00:31:46 (2075 turns).

KanedaJD the Skirmisher (Human Fighter)             Turns: 2075, Time: 00:31:47

Health: -2/36      AC:  8    Str: 16    XL:     4   Next: 22%
Magic:  4/4        EV:  8    Int:  9    God:    Makhleb [*.....]
Gold:   93         SH:  5    Dex: 14    Spells: 3/3 levels left

rFire   . . .      SeeInvis .   a - +0 long sword
rCold   . . .      Faith    .   c - +0 buckler
rNeg    . . .      Spirit   .   b - +0 scale mail
rPois   .          Reflect  .   (no helmet)
rElec   .          Harm     .   n - +0 cloak
rCorr   .          Rampage  .   (no gloves)
Will    .....                   (no boots)
Stlth   ..........              (no amulet)
HPRegen 0.12/turn               (no ring)
MPRegen 0.09/turn               (no ring)

@: lethally poisoned (-2 -> -17)
A: no striking features
a: Renounce Religion


You were on level 3 of the Dungeon.
You worshipped Makhleb.
Makhleb was aware of your devotion.
You visited 1 branch of the dungeon, and saw 3 of its levels.

You collected 93 gold pieces.

Inventory:

Hand Weapons
 a - a +0 long sword (weapon)
 e - a +0 short sword
 g - a +0 dagger
 i - a +0 whip
 l - a +0 spear
 p - a +0 club
 s - a +0 glaive
 t - a +0 mace
 u - a +0 hand axe
Missiles
 r - 6 poisoned darts (quivered)
Armour
 b - a +0 scale mail (worn)
 c - a +0 buckler (worn)
 h - a +0 robe
 n - a +0 cloak (worn)
Scrolls
 j - 2 scrolls of immolation {unknown}
 m - 4 scrolls of teleportation {unknown}
 q - a scroll of fear {unknown}
Potions
 d - a potion of might
 f - a potion of cancellation {unknown}
 k - a potion of haste {unknown}
 o - a potion of attraction {unknown}


   Skills:
 + Level 3.6 Fighting
 + Level 2.7 Long Blades
 + Level 3.5 Armour
 + Level 0.1 Stealth
 + Level 3.1 Shields


You had 3 spell levels left.
You didn't know any spells.
Your spell library was empty.

Dungeon Overview and Level Annotations

Branches:
Dungeon (3/15)

Altars:
Makhleb
Trog


Message History

There is a bloodstained altar of Trog here.
HP restored.
A scorpion comes into view.
You barely miss the scorpion. The scorpion stings you.
You are poisoned.
The scorpion poisons you!
You closely miss the scorpion.
You feel very sick. The scorpion barely misses you.
The scorpion closely misses you.
You closely miss the scorpion.
You feel very sick.
The scorpion stings you but does no damage.
You barely miss the scorpion.
You feel sick.
The scorpion stings you but does no damage.
You block the scorpion's attack.
You hit the scorpion.
The scorpion is lightly wounded.
You feel sick. The scorpion stings you.
You are lethally poisoned!
The scorpion poisons you! The scorpion barely misses you.
You hit the scorpion but do no damage.
The scorpion is lightly wounded.
You feel very sick. The scorpion closely misses you.
You slash the scorpion!
The scorpion is heavily wounded.
* * * LOW HITPOINT WARNING * * *
You feel very sick. You block the scorpion's attack. The scorpion stings you.
* * * LOW HITPOINT WARNING * * *
You are more poisoned.
The scorpion poisons you!
You hit the scorpion.
The scorpion is severely wounded.
* * * LOW HITPOINT WARNING * * *
You feel very sick. You block the scorpion's attack.
You barely miss the scorpion.
The scorpion is severely wounded.
You die...

......#...#
..........+
......#...#####
..... #.......# .
.... #.....#.###..
### #.#..........
#.#.#.....#..
#.##.._........#
#..s@#.#.......#
#...................
#.#########......##.
.......# .......#
..######.. .. .# ..$


You could see a scorpion.

Vanquished Creatures
  An adder (D:2)
  A worm (D:2)
  2 dart slugs
  7 bats
  4 endoplasms
  3 goblins (D:1)
  6 hobgoblins
  3 jackals (D:2)
  2 quokkas
  A ball python (D:2)
  3 frilled lizards
  4 kobolds
  4 rats
41 creatures vanquished.

Notes
Turn   | Place    | Note
-------+----------+-------------------------------------------
     0 | D:1      | KanedaJD the Human Fighter began the quest for the Orb.
     0 | D:1      | Reached XP level 1. HP: 18/18 MP: 1/1
   249 | D:1      | Reached XP level 2. HP: 15/24 MP: 2/2
   573 | D:1      | Found a faded altar of an unknown god.
   577 | D:1      | Prayed at the altar of an unknown god.
   577 | D:1      | Became a worshipper of Makhleb the Destroyer
   577 | D:1      | Reached * piety under Makhleb
  1144 | D:2      | Reached XP level 3. HP: 29/29 MP: 3/3
  1731 | D:2      | Reached XP level 4. HP: 25/36 MP: 4/4
  2037 | D:3      | Found a bloodstained altar of Trog.
  2066 | D:3      | Noticed a scorpion
  2075 | D:3      | Succumbed to a scorpion's poison

Illustrated notes

Levels and vault maps discovered:
D:1:      saegor_arrival_fortress, layout_basic,
          shapermc_ecumenical_altar_mp_vishouse
D:2:      layout_rooms
D:3:      layout_basic, lemuel_crystal_altar, mainiacjoe_overflow_alcove_3,
          gup_sewer_entry_pipe, dk_vineyard_2

Action                   |  1- 3 |  4- 6 || total
-------------------------+-------+-------++-------
Melee: Long sword        |    83 |    37 ||   120
Armor: Scale mail        |    38 |    22 ||    60
Dodge: Dodged            |    35 |    17 ||    52
Block: Buckler           |    24 |    15 ||    39
